AoeStats
← root

Baltic

511167478Analyzed
4v4 RM · 1mo ago on Oct 4, 2026· 50m 5s· 8 players
Game mode
Random Map
Map size
Large (8 player)
Population
200
Speed
Normal
Resources
Standard
Victory
Conquest
Starting age
Dark Age
Ending age
Imperial Age
RankedLock teamsTeams togetherTeam positionsShared explorationLock speedFull tech treeHidden civsTurbo modeCheats
Victory
Defeat
🇺🇸 Khmer · United States
847
+15
828
+15
🇹🇼 Franks · Taiwan
825
+16
🇵🇹 Byzantines · Portugal
814
+16
vs
862
-18
🇦🇷 Chinese · Argentina
815
-15
🇺🇸 Malians · United States
796
-15
🇦🇷 Mongols · Argentina
787
-14
chenleo20061102
8:07 Loom
12:06 Feudal Age
13:34 Double-Bit Axe
18:33 Castle Age
19:37 Husbandry
27:49 Gold Mining
30:52 Fletching
33:52 Imperial Age
32:43 Padded Archer Armor
35:10 Wheelbarrow
34:12 Cranequins
35:06 Ordonnance Companies
36:46 Conscription
36:40 Bodkin Arrow
37:32 Stone Mining
38:10 Cavalier
40:24 Forging
39:45 Heavy Mounted Crossbowman
41:16 Ballistics
41:56 Chemistry
44:07 Paladin
45:33 Gold Shaft Mining
45:17 Hand Cart
Dad
14:40 Feudal Age
15:05 Double-Bit Axe
15:23 Horse Collar
17:56 Wheelbarrow
17:07 Loom
18:22 Gold Mining
21:24 Castle Age
24:23 Heavy Plow
25:03 Gold Shaft Mining
27:35 Hand Cart
28:14 Bow Saw
28:39 Stone Mining
30:39 Stone Shaft Mining
33:57 Imperial Age
32:12 Caravan
33:32 Ballistics
35:06 Coinage
34:11 Heavy Scorpion
35:27 Crop Rotation
34:52 Town Watch
35:44 Town Patrol
38:26 Double Crossbow
40:17 Chemistry
40:38 Banking
40:42 Siege Engineers
Tu odio me fortalece
0:27 Loom
11:07 Feudal Age
14:21 Double-Bit Axe
16:45 Horse Collar
16:58 Arson
16:34 Man-at-Arms
17:35 Fishing Lines
19:48 Stone Mining
19:52 Gold Mining
24:31 Castle Age
23:08 Wheelbarrow
22:18 Town Watch
25:29 Gillnets
27:13 Medium Warships
27:36 Gambesons
27:52 Squires
27:13 Long Swordsman
27:14 Pikeman
28:17 Hand Cart
28:02 Town Patrol
29:52 Caravan
31:08 Heavy Plow
31:40 Bow Saw
32:05 Ballistics
31:41 Murder Holes
32:30 Forging
32:20 Scale Mail Armor
33:09 Fortified Wall
35:41 Thumb Ring
36:54 Medical Corps
37:25 Masonry
37:07 Guard Tower
38:23 Iron Casting
37:48 Scale Mail Armor
37:53 Scale Barding Armor
37:50 Padded Archer Armor
37:41 Fletching
39:08 Heated Shot
42:42 Imperial Age
43:16 Chain Mail Armor
43:21 Chain Barding Armor
43:17 Leather Archer Armor
42:58 Bodkin Arrow
43:58 Two-Handed Swordsman
43:59 Halberdier
45:25 Heavy Warships
46:21 Blast Furnace
45:52 Plate Mail Armor
46:31 Two-Man Saw
47:28 Chemistry
46:13 Arrowslits
47:37 Keep
47:41 Elite Cannon Galleon
49:52 Conscription
48:52 Elite Urumi Swordsman
50:08 Hoardings
49:54 Wootz Steel
Timor Primus
13:11 Feudal Age
11:26 Loom
13:35 Horse Collar
13:42 Double-Bit Axe
18:10 Wheelbarrow
19:27 Man-at-Arms
26:48 Castle Age
28:18 Forging
28:41 Guard Tower
28:44 Fletching
30:17 Husbandry
30:26 Scale Barding Armor
30:26 Heavy Plow
32:57 Ballistics
33:44 Gold Mining
33:57 Scale Mail Armor
33:58 Padded Archer Armor
34:20 Stone Mining
34:14 Long Swordsman
34:55 Squires
35:31 Elite Skirmisher
36:56 Murder Holes
41:25 Chain Barding Armor
42:47 Hand Cart
42:25 Light Cavalry
47:28 Imperial Age
44:40 Treadmill Crane
45:10 Pikeman
46:39 Gold Shaft Mining
46:40 Fervor
47:17 Thumb Ring
47:13 Bodkin Arrow
46:54 Crossbowman
47:50 Arson
48:37 Conscription
49:03 Bow Saw
Zukomazi
nicocaraza
1:14 Loom
14:22 Feudal Age
21:46 Castle Age
24:23 Man-at-Arms
25:43 Town Watch
33:44 Pikeman
34:47 Fletching
35:08 Forging
40:40 Wheelbarrow
46:48 Gold Mining
51:03 Imperial Age
root
3:31 Loom
12:49 Feudal Age
13:20 Double-Bit Axe
13:56 Horse Collar
19:14 Scale Barding Armor
21:03 Forging
23:47 Wheelbarrow
27:16 Castle Age
25:11 Fletching
26:45 Padded Archer Armor
27:59 Gold Mining
29:10 Leather Archer Armor
31:26 Ballistics
34:18 Bodkin Arrow
39:04 Imperial Age
38:12 Stone Mining
39:33 Stone Shaft Mining
43:06 Bracer
46:01 Conscription
ACHMP | SirAlexander24
1:04 Loom
5:53 Loom
12:09 Feudal Age
12:39 Horse Collar
12:47 Double-Bit Axe
13:38 Gold Mining
13:36 Horse Collar
14:28 Fishing Lines
19:37 Forging
19:19 Fletching
22:41 Stone Mining
23:27 Bloodlines
23:22 Padded Archer Armor
23:28 Scale Barding Armor
24:08 Wheelbarrow
28:20 Castle Age
27:12 Scale Mail Armor
27:03 Arson
29:17 Medium Warships
28:58 Gillnets
29:44 Hand Cart
29:41 Town Watch
30:05 Bodkin Arrow
30:26 Leather Archer Armor
30:01 Gambesons
29:46 Pikeman
30:27 Squires
32:00 Town Patrol
32:26 Heavy Plow
32:52 Bow Saw
34:14 Stone Shaft Mining
35:55 Iron Casting
37:25 Chain Mail Armor
38:12 Ballistics
38:02 Masonry
37:50 Murder Holes
40:45 Chain Barding Armor
40:51 Vendel Legacy
45:38 Imperial Age
45:40 Elite Longship
46:46 Heavy Warships
46:15 Gothikon
47:15 Conscription
48:34 Blast Furnace
48:34 Bracer
49:52 Elite Varangian Guard
Connection lost

Rejoining the realm…

Still unreachable

The connection could not be restored.

Session expired

The server has moved on; the page needs a fresh start.